 Dungeon Crawl Stone Soup version 0.27-a0-1188-g73eefd5def (webtiles) character file.

Game seed: 17419595596439653745

35 Bapho the Shield-Bearer (level 3, -2/31 HPs)
             Began as a Draconian Fighter on May 22, 2021.
             Slain by Terence
             ... wielding a +0 falchion of protection
              (5 damage)
             ... on level 1 of the Dungeon.
             The game lasted 00:02:00 (1280 turns).

Bapho the Shield-Bearer (Draconian Fighter)         Turns: 1280, Time: 00:02:01

Health: -2/31      AC:  5    Str: 19    XL:     3   Next: 16%
Magic:  3/3        EV: 12    Int:  8    God:
Gold:   26         SH:  0    Dex: 10    Spells: 2/2 levels left

rFire    . . .     SeeInvis .   a - +0 war axe
rCold    . . .     Faith    .   (no shield)
rNeg     . . .     Spirit   .   (armour unavailable)
rPois    .         Reflect  .   (helmet restricted)
rElec    .         Harm     .   (no cloak)
rCorr    .         Rampage  .   (no gloves)
Will     .....                  (no boots)
Stlth    +.........             (no amulet)
HPRegen  0.10/turn              (no ring)
MPRegen  0.08/turn              (no ring)

@: mighty
A: AC +5, unfitting armour, cold-blooded
a: no special abilities


You were on level 1 of the Dungeon.
You visited 1 branch of the dungeon, and saw 2 of its levels.

You collected 26 gold pieces.

Inventory:

Hand Weapons
 a - a +0 war axe (weapon)
 d - a +0 battleaxe
Armour
 b - a +0 kite shield
Potions
 e - a potion of attraction {unknown}


   Skills:
 - Level 3.2 Fighting
 + Level 3.0 Axes
 - Level 2.6 Dodging
 + Level 3.6 Shields


You had 2 spell levels left.
You didn't know any spells.
Your spell library was empty.

Dungeon Overview and Level Annotations

Branches:
Dungeon (2/15)

Altars:

Annotations:
D:1 Terence


Innate Abilities, Weirdness & Mutations

Your plain brown scales are hard. (AC +5)
You cannot fit into any form of body armour.
You are cold-blooded and may be slowed by cold attacks.


Message History

The quokka bites you but does no damage.
Terence closely misses you. The kobold misses you. The quokka bites you.
There is a stone staircase leading up, spattered with blood here.
Terence hits you with a +0 falchion of protection.
The quokka bites you but does no damage.
The kobold hits you with a +0 short sword.
You climb upwards.
There is a stone staircase leading down here.
You feel very mighty all of a sudden. Terence closely misses you.
The quokka bites you but does no damage.
The kobold hits you with a +0 short sword.
You hit Terence but do no damage. You barely miss the quokka.
You barely miss the kobold. The quokka bites you. Terence closely misses you.
The kobold hits you with a +0 short sword.
The quokka bites you.
You barely miss Terence.
You tail-slap Terence, but do no damage.
You hit the kobold. You closely miss the quokka.
Terence hits you with a +0 falchion of protection.
The quokka barely misses you. The kobold closely misses you.
Terence barely misses you.
You closely miss Terence. You hit the kobold.
You kill the kobold!
You closely miss the quokka. The quokka completely misses you.
Terence barely misses you. The quokka closely misses you.
Your Axes skill increases to level 3!
You barely miss Terence. You slash the quokka!
You kill the quokka!
Terence barely misses you.
Terence hits you with a +0 falchion of protection!
* * * LOW HITPOINT WARNING * * *
You slash Terence!
Terence is severely wounded.
Terence hits you with a +0 falchion of protection.
* * * LOW HITPOINT WARNING * * *
You barely miss Terence.
Terence is severely wounded.
Terence hits you with a +0 falchion of protection.
You die...

######################### ##.#.#
#T#e#6#B#H#o#K#n#i#f#m#9# #..#.#
###########################.##.##
........................'...##.##
##########################.....##
#h#c#N#p#d#p#g#O#F#Q#x#M#..##..#.
#########################.###....
#..............)††........####..#
#............###@####.######.....
#............# #†@###.# #.....
##..........## ##..##.# #.....
##...##.....## ##.##.# #.....
##########..# #.÷#.### #####.
##.♣♣###.....#### #. #♣.♣P♣
###.#....###### #.P.÷♣
#♣♣♣.......#P. #♣♣♣.♣♣
♣..♣####...#PP


You could see Terence.

Vanquished Creatures
  An adder (D:2)
  An endoplasm (D:1)
  2 giant cockroaches (D:1)
  3 goblins
  3 hobgoblins (D:1)
  2 kobolds (D:1)
  3 quokkas (D:1)
  2 bats
  3 frilled lizards (D:1)
  3 rats
  A bush (D:1)
24 creatures vanquished.

Vanquished Creatures (others)
  3 plants (D:1)
  A withered plant (D:1)
4 creatures vanquished.

Grand Total: 28 creatures vanquished

Notes
Turn   | Place    | Note
-------+----------+-------------------------------------------
     0 | D:1      | Bapho the Draconian Fighter began the quest for the Orb.
     0 | D:1      | Reached XP level 1. HP: 19/19 MP: 1/1
     2 | D:1      | Noticed a minotaur
     2 | D:1      | Noticed a vampire
     4 | D:1      | Noticed a troll
     4 | D:1      | Noticed a felid
     6 | D:1      | Noticed an elf
     6 | D:1      | Noticed a centaur
     8 | D:1      | Noticed a demonspawn
     8 | D:1      | Noticed a naga
    10 | D:1      | Noticed a formicid
    10 | D:1      | Noticed a demigod
    12 | D:1      | Noticed a palentonga
    12 | D:1      | Noticed a draconian
    14 | D:1      | Noticed a human
    16 | D:1      | Noticed a dwarf
    18 | D:1      | Noticed a ghoul
    18 | D:1      | Noticed an ogre
    20 | D:1      | Noticed a spriggan
    20 | D:1      | Noticed a barachi
    22 | D:1      | Noticed a vine stalker
    22 | D:1      | Noticed a tengu
    24 | D:1      | Noticed a merfolk
    24 | D:1      | Noticed an octopode
    26 | D:1      | Noticed a gargoyle
   109 | D:1      | Found a faded altar of an unknown god.
   323 | D:1      | Reached XP level 2. HP: 26/26 MP: 2/2
  1139 | D:2      | Noticed Terence
  1140 | D:2      | Reached XP level 3. HP: 31/31 MP: 3/3
  1280 | D:1      | Slain by Terence

Illustrated notes

Levels and vault maps discovered:
D:1:      kb_arrival_jail, layout_rooms, shapermc_ecumenical_altar_flowoftime,
          serial_forest, infiniplex_forest_clump_large,
          infiniplex_forest_clump_small, infiniplex_forest_lined_ring,
          infiniplex_forest_straight_1, infiniplex_forest_clump_curved,
          infiniplex_forest_lined_room_, infiniplex_forest_straight_2,
          infiniplex_forest_clump_diagonal, infiniplex_forest_clump_tiny,
          infiniplex_forest_split, interstate_on_off
D:2:      layout_rooms, uniq_natasha, uniq_terence

Skill      XL: |  1  2  3 |
---------------+----------+-----
Axes           | 3 |  3.0
Fighting       | |  3.2
Dodging        | |  2.6
Shields        | |  3.6

Action                   || total
-------------------------++-------
Melee: War axe           ||   103
       Tailslap          ||    19
Throw: Stone             ||     1
  Use: Potion            ||     1
Armor: Skin              ||    23
Dodge: Dodged            ||    56

Table legend: (Time is in decaauts)
 A = Elapsed time spent in this place.
 B = Non-inter-level travel time spent in this place.
 C = Inter-level travel time spent in this place.
 D = Time resting spent in this place.
 E = Time spent auto-exploring this place.
 F = Levels seen in this place.
 G = Mean time per level.
                   A        B        C        D        E       F      G
               +--------+--------+--------+--------+--------+-----+--------+
         Total |   1319 |   1296 |     23 |    115 |    960 |   2 |  659.5 |
       Dungeon |   1319 |   1296 |     23 |    115 |    960 |   2 |  659.5 |
               +--------+--------+--------+--------+--------+-----+--------+

Top non-repeatable levels by time:
     D:1: 1291 daAuts
     D:2: 27 daAuts
